Description

The Build Order comes from a game between ArrogFire and Neeb.

VOD

https://youtu.be/AfHd4AGvX7Y

Replay - Arrogfire v lIlIlIlIlIlI - Lueur nocturne EC

Build Order

Get SALT Encoding   

  12  0:00  Probe  
  13  0:12  Probe  
  14  0:16  Pylon  
  14  0:24  Probe (Chrono Boost)  
  16  0:35  Gateway  
  16  0:36  Probe (Chrono Boost)  
  16  0:42  Probe (Chrono Boost)  
  16  0:45  Assimilator  
  17  0:50  Probe  
  17  0:54  Assimilator  
  18  1:03  Probe (Chrono Boost)  
  19  1:08  Gateway  
  20  1:12  Probe x2 (Chrono Boost)  
  20  1:25  Cybernetics Core  
  21  1:29  Probe  
  22  1:37  Pylon  
  23  2:01  Robotics Facility, Warp Gate  
  24  2:04  Stalker  
  26  2:14  Stalker  
  28  2:20  Pylon x2  
  28  2:34  Stalker  
  29  2:44  Stalker  
  29  2:49  Immortal (Chrono Boost)  
  35  3:02  Gateway  
  35  3:09  Sentry  
  37  3:19  Warp Prism (Chrono Boost)  
  37  3:28  Pylon  
  37  3:51  Stalker x2  
  41  4:11  Stalker x2  
  41  4:14  Sentry  
  47  4:35  Stalker  
  49  4:39  Sentry  
  49  4:45  Stalker  
  53  4:56  Observer (Chrono Boost)  
  45  5:32  Observer  
  53  6:05  Sentry  
  63  7:18  Nexus  
  57  7:37  Sentry  
  56  7:57  Immortal (Chrono Boost)  
  52  8:04  Sentry x2  
  60  8:14  Shield Battery  
  60  8:21  Shield Battery  
  58  8:31  Sentry  
  62  8:37  Sentry  
  62  8:39  Observer  
  67  9:01  Adept x3  
  78  9:28  Assimilator  
  78  9:51  Stargate  
  80  9:52  Twilight Council  
Spawning Tool Build Advisor. Get it on Overwolf

Go to:

Details

  • Created by: zuka      
  • Published on: Jul 17, 2021
  • Patch: 4.11.0
  • Difficulty: Medium
Show
View Real Time Build Order
Export as new Build Order

Comments (0)

There are no comments. Be the first!

Create an account to comment!